 Dungeon Crawl Stone Soup version 0.30.1-11-g7821555f0a (webtiles) character file.

Game seed: 17880825396587495358

101403 aleksiErkki the Severer (level 15, -6/138 HPs)
             Began as a Minotaur Fighter on Nov 10, 2023.
             Was an Initiate of Gozag.
             Killed from afar by a deep elf zephyrmancer (28 damage)
             ... with a bolt of lightning
             ... on level 2 of the Elven Halls.
             The game lasted 01:42:31 (22788 turns).

aleksiErkki the Severer (Minotaur Fighter)         Turns: 22788, Time: 01:42:32

Health: -6/138     AC: 28    Str: 26    XL:     15   Next: 83%
Magic:  14/14      EV: 10    Int:  5    God:    Gozag
Gold:   2408       SH: 22    Dex: 12    Spells: 14/14 levels left

rFire   + + .        a - +9 war axe (spect)
rCold   + . .        r - +0 tower shield
rNeg    . . .        s - +3 chain mail {rF+}
rPois   .            b - +1 hat
rElec   .            h - +2 cloak
rCorr   .            d - +2 pair of gloves of the Chupacabra {rF+}
SInv    +            p - +3 pair of mountain boots {steadfast, rC+}
Will    ++...        o - amulet of reflection Stlth
                     E - ring of willpower
HPRegen 0.43/turn    K - ring of see invisible
MPRegen 0.14/turn

%: reflection
@: gold aura
A: horns 2, retaliatory headbutt
a: Renounce Religion, Potion Petition, Call Merchant, Bribe Branch


You were on level 2 of the Elven Halls.
You worshipped Gozag.
Gozag was most pleased with you.
You visited 3 branches of the dungeon, and saw 19 of its levels.
You also visited: Sewer.

You collected 8026 gold pieces.
You spent 2977 gold pieces at shops.
You paid 2641 gold pieces to Gozag.

Inventory:

Hand Weapons
 a - a +9 spectral war axe (weapon)
 c - a +0 short sword
 g - a +0 arbalest
 u - the +8 flail "Zaxaj" {flame, rElec Will+ Stlth+}
   (You found it on level 15 of the Dungeon)

   rElec:     It insulates you from electricity.
   Will:      It increases your willpower.
   Stlth:     It makes you more stealthy.
 F - a +0 short sword
 R - the +9 falchion of the Everdark {speed, rPois rCorr Int+8 Dex-5}
   (You found it on level 12 of the Dungeon)

   Int:       It affects your intelligence (+8).
   Dex:       It affects your dexterity (-5).
   rPois:     It protects you from poison.
   rCorr:     It protects you from acid and corrosion.
Missiles
 z - 2 throwing nets
Armour
 b - a +1 hat (worn)
 d - the +2 pair of gloves of the Chupacabra (worn) {rF+}
   (You acquired it on level 2 of the Dungeon)

   rF:        It protects you from fire.
 h - a +2 cloak (worn)
 l - a +0 chain mail of cold resistance
 p - the +3 pair of mountain boots (worn) {steadfast, rC+}
   (You bought it in a shop on level 11 of the Dungeon)

   Steadfast: It prevents involuntary movement, except for blinking,
   teleportation, or banishment.
   rC:        It protects you from cold.
 r - a +0 tower shield (worn)
 s - a +3 chain mail of fire resistance (worn)
 W - a +1 buckler of reflection
Jewellery
 j - a ring of fire
 n - a ring of fire
 o - an amulet of reflection (around neck)
 v - an amulet of the acrobat
 A - an amulet of regeneration
 E - a ring of willpower (left hand)
 H - a ring of magical power
 K - a ring of see invisible (right hand)
 Q - a ring of resist corrosion
Wands
 C - a wand of charming (15)
 D - a wand of polymorph (5)
 J - a wand of digging (21)
 P - a wand of flame (12) (quivered)
Scrolls
 f - 4 scrolls of magic mapping
 k - 5 scrolls of teleportation
 m - 2 scrolls of amnesia
 q - a scroll of fog
 y - 3 scrolls of poison
 B - a scroll of brand weapon
 S - 3 scrolls of identify
Potions
 e - 2 potions of brilliance
 i - a potion of cancellation
 t - 4 potions of magic
 x - 3 potions of curing
Miscellaneous
 G - a condenser vane
 I - a box of beasts
 L - a phantom mirror
 N - a phial of floods


   Skills:
 + Level 14.0 Fighting
 * Level 8.5 Long Blades
 * Level 18.5(19.2) Axes
 * Level 8.8(14.8) Maces & Flails
 + Level 13.4 Armour
 + Level 6.8 Dodging
 + Level 4.2 Stealth
 + Level 12.5 Shields
 * Level 8.9 Evocations


You had 14 spell levels left.
You didn't know any spells.
Your spell library contained the following spells:

 Spells                   Type           Power      Damage    Failure   Level
 Beastly Appendage        Tmut           0%         N/A       99%         1
 Foxfire                  Conj/Fire      0%         2x1d4     99%         1
 Magic Dart               Conj           0%         1d3       99%         1
 Blink                    Tloc           0%         N/A       100%        2
 Searing Ray              Conj           0%         2d4       100%        2
 Wereblood                Tmut           0%         N/A       100%        2
 Spider Form              Tmut/Pois      0%         N/A       100%        3
 Fulminant Prism          Conj/Hex       0%         3d5       100%        4
 Manifold Assault         Tloc           0%         N/A       100%        4
 Passage of Golubria      Tloc           0%         N/A       100%        4
 Borgnjor's Vile Clutch   Necr/Erth      0%         N/A       100%        5
 Fireball                 Conj/Fire      0%         3d3       100%        5
 Silence                  Hex/Air        0%         N/A       100%        5
 Death Channel            Necr           0%         N/A       100%        6
 Plasma Beam              Fire/Air       0%         2x1d11    100%        6
 Starburst                Conj/Fire      0%         6d3       100%        6
 Storm Form               Tmut/Air       0%         N/A       100%        7
 Lehudib's Crystal Spear  Conj/Erth      0%         10d2      100%        8
 Animate Dead             Necr           Unusable   N/A       N/A         4

Dungeon Overview and Level Annotations

Branches:
Dungeon (15/15)            Temple (0/1) D:6            Lair (0/5) D:9
    Orc (2/2) D:10            Elf (2/3) Orc:2        Vaults (0/5) D:14
 Depths (0/4) D:15          Sewer (visited)

Altars:
Gozag
Hepliaklqana
Nemelex Xobeh
Okawaru
Vehumet

Shops:
D:1 ?   D:9 :*   D:11 [   Orc:1 [   Orc:2 ?(*=:

Portals:
Bailey: D:8

Annotations:
D:3 2 transporters


Innate Abilities, Weirdness & Mutations

You have a pair of horns on your head.
You reflexively headbutt those who attack you in melee.


Message History

You slash the +4 heavy battleaxe!
The +4 heavy battleaxe turns to gold and falls from the air.
The deep elf zephyrmancer points at you and mumbles some strange words.
The bolt of lightning hits you!!
* * * LOW HITPOINT WARNING * * *
The bolt of lightning misses you.
As you read the scroll of fog, it crumbles to dust.
The scroll dissolves into smoke.
Okay, then.
As you read the scroll of fog, it crumbles to dust.
The scroll dissolves into smoke.
The deep elf zephyrmancer closely misses you.
You furiously retaliate!
You headbutt the deep elf zephyrmancer.
You barely miss the deep elf zephyrmancer.
The deep elf zephyrmancer is lightly wounded.
You block the deep elf zephyrmancer's attack.
You barely miss the deep elf zephyrmancer.
The deep elf zephyrmancer is lightly wounded.
You hit the deep elf archer.
The deep elf archer is lightly wounded.
You slice the deep elf archer!!
Your headbutt misses the deep elf archer.
The deep elf archer is heavily wounded.
The deep elf archer unwields a +0 shortbow.
The deep elf archer wields a +0 short sword.
The deep elf archer completely misses you.
You slice the deep elf archer!!
You kill the deep elf archer!
The deep elf zephyrmancer casts a spell at you.
The bolt of lightning hits you!
* * * LOW HITPOINT WARNING * * *
You hear a shout!
Okay, then.
You feel better.
You slash the deep elf zephyrmancer!
The deep elf zephyrmancer is heavily wounded.
The deep elf zephyrmancer gestures at you while chanting.
The bolt of lightning hits you!!
You die...
Your body crumbles into a pile of gold.

#### ....
############
....
##§@ee.§§§§.#
.
#§§####§#§#.#
..... #§##
##§# ##
...... #.#
#§###.# .....
###.# ##§#.##
...#
#####...#
#.#§#.# ..#
#.....###
##.#.## #.#
#.#####
#.###.#
####.###.#
##$#.##


You could see a deep elf pyromancer and a deep elf zephyrmancer.

Vanquished Creatures
  Jorgrun (Elf:1)
  2 fire giants
  The ghost of Vochiuc the Eclecticist, an adept DEFE of Vehumet (D:15)
  A deep elf sorcerer (Elf:1)
  3 deep elf annihilators
  Snorg (D:13)
  A deep elf high priest (Elf:1)
  An ettin (D:14)
  A rakshasa (D:11)
  A hydra (D:11)
  A catoblepas (D:15)
  Erolcha (Orc:2)
  10 centaur warriors
  6 two-headed ogres
  17 dancing weapons
  5 tengu warriors
  4 orc high priests (Orc:2)
  5 boulder beetles
  Sonja (D:10)
  12 deep elf knights
  An iron troll (D:14)
  A glowing orange brain (shapeshifter) (D:11)
  Pikel (D:5)
  A wizard (D:14)
  An orc knight (Orc:1)
  6 deep elf archers
  A shining eye (shapeshifter) (D:11)
  19 deep elf zephyrmancers
  12 ugly things
  15 deep elf pyromancers
  2 manticores
  3 orc sorcerers
  10 cyclopes
  A gargoyle (D:11)
  2 yaktaurs
  An unseen horror (D:12)
  2 rime drakes (Orc:1)
  2 komodo dragons
  A kobold demonologist (D:9)
  2 freezing wraiths (D:14)
  2 tengu conjurers
  3 efreet
  A queen bee (D:15)
  10 trolls
  A meliai (D:15)
  2 hornets (D:15)
  A hornet (shapeshifter) (Elf:1)
  Grinder (D:4)
  5 slime creatures
  6 wraiths
  3 shadows
  10 water elementals
  3 vampires
  2 air elementals
  A wyvern (shapeshifter) (D:14)
  3 fire elementals (Elf:1)
  A steam dragon (D:5)
  6 basilisks
  A basilisk (shapeshifter) (D:13)
  A wyvern (D:11)
  Eustachio (D:4)
  12 yaks
  A golden eye (shapeshifter) (D:13)
  10 vampire mosquitoes
  Menkaure (D:7)
  2 wargs (Orc:2)
  3 acid dragons
  A water moccasin (D:8)
  Duvessa (D:4)
  20 orc warriors
  3 ice beasts
  A sky beast (D:7)
  3 black bears
  6 ogres
  13 centaurs
  A lemure (D:5)
  A phantom (D:6)
  8 kobold brigands
  3 bullfrogs
  3 gnoll sergeants (D:11)
  An earth elemental (Elf:1)
  10 wights
  Dowan (D:4)
  17 killer bees
  A howler monkey (D:5)
  2 electric eels
  23 orc priests
  6 hounds
  A jelly (D:5)
  Natasha (thrice) (D:2)
  29 orc wizards
  A killer bee simulacrum (D:9)
  24 gnolls
  8 adders
  9 river rats (Sewer)
  A white imp (D:6)
  An ufetubus (D:7)
  A worm (D:2)
  A dart slug (D:5)
  71 orcs
  8 ball pythons
  5 endoplasms
  5 giant cockroaches
  14 goblins
  10 hobgoblins
  3 jackals (D:1)
  74 kobolds
  3 quokkas
  6 bats
  4 frilled lizards
  20 rats
679 creatures vanquished.

Vanquished Creatures (collateral kills)
  Urug (D:10)
  An acid dragon (D:10)
  A killer bee (D:10)
3 creatures vanquished.

Vanquished Creatures (others)
  A vampire (D:11)
  A water elemental (Elf:1)
  An orc wizard (Orc:2)
  A spectral weapon (Elf:2)
4 creatures vanquished.

Grand Total: 686 creatures vanquished

Notes
Turn   | Place    | Note
-------+----------+-------------------------------------------
     0 | D:1      | aleksiErkki the Minotaur Fighter began the quest for the
                  | Orb.
     0 | D:1      | Reached XP level 1. HP: 19/19 MP: 0/0
    68 | D:1      | Reached XP level 2. HP: 25/27 MP: 1/1
    83 | D:1      | Found Cauluu Nowen's Magic Scroll Boutique.
   604 | D:2      | Noticed Natasha
   621 | D:2      | HP: 1/27 [cerulean imp/+1 spear[Natasha] (2)]
   626 | D:2      | Killed Natasha
   627 | D:2      | Reached skill level 3 in Axes
   627 | D:2      | Reached XP level 3. HP: 16/33 MP: 2/2
   674 | D:2      | Noticed Natasha
   683 | D:2      | Killed Natasha
   684 | D:2      | Reached XP level 4. HP: 12/41 MP: 3/3
   896 | D:2      | Identified a scroll of acquirement
   896 | D:2      | Acquired the +2 pair of gloves of the Chupacabra {rF+}
  1014 | D:2      | Reached skill level 4 in Axes
  1446 | D:2      | Noticed Natasha
  1451 | D:2      | Killed Natasha
  1452 | D:2      | Reached XP level 5. HP: 47/47 MP: 4/4
  1548 | D:3      | Reached skill level 5 in Axes
  1892 | D:3      | Found a transporter.
  1913 | D:3      | Found a transporter.
  2153 | D:3      | Found a faded altar of an unknown god.
  2156 | D:3      | Prayed at the altar of an unknown god.
  2156 | D:3      | Became a worshipper of Gozag Ym Sagoz the Greedy
  2630 | D:4      | Noticed an ogre
  2640 | D:4      | Killed an ogre
  2641 | D:4      | Reached XP level 6. HP: 8/55 MP: 5/5
  2828 | D:4      | Noticed Grinder
  2834 | D:4      | Killed Grinder
  2835 | D:4      | Reached skill level 5 in Fighting
  2835 | D:4      | Reached skill level 6 in Axes
  2835 | D:4      | Reached skill level 1 in Dodging
  2888 | D:4      | Noticed Duvessa
  2889 | D:4      | Noticed Dowan
  2913 | D:4      | Killed Duvessa
  2914 | D:4      | Reached skill level 7 in Axes
  2914 | D:4      | Reached XP level 7. HP: 47/61 MP: 6/6
  2919 | D:4      | Killed Dowan
  3233 | D:4      | Reached skill level 8 in Axes
  3250 | D:4      | Reached skill level 5 in Armour
  3561 | D:4      | Noticed Eustachio
  3583 | D:4      | Killed Eustachio
  3830 | D:5      | Entered Level 5 of the Dungeon
  3864 | D:5      | Noticed Pikel
  3883 | D:5      | Killed Pikel
  3884 | D:5      | Reached skill level 9 in Axes
  3884 | D:5      | Reached skill level 5 in Shields
  3884 | D:5      | Reached XP level 8. HP: 27/70 MP: 7/7
  4549 | D:5      | Reached skill level 10 in Axes
  4768 | D:5      | Reached XP level 9. HP: 69/75 MP: 8/8
  4825 | D:5      | Reached skill level 1 in Stealth
  5188 | D:6      | Found a staircase to the Ecumenical Temple.
  5210 | D:6      | Found a glowing drain.
  5296 | Sewer    | Entered a sewer
  6039 | D:6      | Reached skill level 11 in Axes
  6147 | D:6      | Found a hazy altar of Hepliaklqana.
  6153 | D:6      | Found a sparkling altar of Nemelex Xobeh.
  6689 | D:6      | Found a radiant altar of Vehumet.
  6708 | D:6      | Reached skill level 12 in Axes
  7393 | D:7      | Noticed Menkaure
  7402 | D:7      | Killed Menkaure
  7774 | D:8      | Found a flagged portal.
  7795 | D:8      | Reached XP level 10. HP: 62/86 MP: 9/9
  8157 | D:8      | Reached skill level 13 in Axes
  8532 | D:9      | Found Loolic's Tremendous Tomes.
  8597 | D:9      | Found a staircase to the Lair.
  9090 | D:9      | Noticed a cyan ugly thing
  9090 | D:9      | Noticed a centaur warrior
  9117 | D:9      | Killed a centaur warrior
  9118 | D:9      | Reached skill level 14 in Axes
  9125 | D:9      | Noticed a sixfirhy
  9132 | D:9      | Killed a cyan ugly thing
  9165 | D:9      | Reached XP level 11. HP: 61/97 MP: 10/10
  9806 | D:9      | Bought a runed scale mail for 175 gold pieces
  9806 | D:9      | Bought a phantom mirror for 1000 gold pieces
  9829 | D:10     | Entered Level 10 of the Dungeon
  9840 | D:10     | Noticed Urug
  9848 | D:10     | Killed Urug
  9852 | D:10     | Reached skill level 1 in Evocations
 10173 | D:10     | Noticed Sonja
 10195 | D:10     | Killed Sonja
 10250 | D:10     | Found a staircase to the Orcish Mines.
 10400 | D:11     | Reached skill level 5 in Dodging
 10625 | D:11     | Noticed a boulder beetle
 10633 | D:11     | Killed a boulder beetle
 10803 | D:11     | Reached skill level 15 in Axes
 10853 | D:11     | Noticed a boulder beetle
 10878 | D:11     | Killed a boulder beetle
 10883 | D:11     | an elephant changed into a lindwurm
 10883 | D:11     | Noticed a lindwurm (shapeshifter)
 10889 | D:11     | Noticed a rakshasa
 11131 | D:11     | Noticed a centaur warrior
 11139 | D:11     | Noticed a centaur warrior
 11151 | D:11     | Killed a rakshasa
 11166 | D:11     | Killed a centaur warrior
 11177 | D:11     | Noticed a boulder beetle
 11177 | D:11     | Noticed a wolf spider
 11388 | D:11     | Noticed an orb spider
 11396 | D:11     | an orb spider changed into a redback
 11401 | D:11     | a redback changed into a shining eye
 11401 | D:11     | Noticed a shining eye (shapeshifter)
 11404 | D:11     | Killed a shining eye
 11405 | D:11     | Reached skill level 10 in Armour
 11612 | D:11     | Noticed a centaur warrior
 11632 | D:11     | Killed a centaur warrior
 11633 | D:11     | Reached XP level 12. HP: 77/106 MP: 11/11
 11763 | D:11     | Reached skill level 10 in Fighting
 11789 | D:11     | Killed a centaur warrior
 11805 | D:11     | Noticed a tengu warrior
 11831 | D:11     | Killed a tengu warrior
 11856 | D:11     | Noticed a centaur warrior
 11952 | D:11     | Reached skill level 5 in Evocations
 11981 | D:11     | Reached skill level 16 in Axes
 12190 | D:11     | Noticed a two-headed ogre
 12207 | D:11     | Killed a two-headed ogre
 12232 | D:11     | Noticed a four-headed hydra
 12236 | D:11     | Noticed a tengu warrior
 12252 | D:11     | Killed a tengu warrior
 12269 | D:11     | Killed a six-headed hydra
 12285 | D:11     | Noticed a fire giant
 12368 | D:11     | HP: 4/108 [boulder beetle (6)]
 12372 | D:11     | Killed a boulder beetle
 12726 | D:11     | Killed a fire giant
 12850 | D:11     | Noticed a two-headed ogre
 12856 | D:11     | Killed a two-headed ogre
 12879 | D:11     | Killed a centaur warrior
 12929 | D:11     | Bought a shiny chain mail for 202 gold pieces
 12929 | D:11     | Bought the +3 pair of mountain boots {steadfast, rC+} for
                  | 904 gold pieces
 12929 | D:11     | Found the +3 pair of mountain boots {steadfast, rC+}
 12973 | D:11     | Noticed a two-headed ogre
 12984 | D:11     | Killed a two-headed ogre
 13452 | D:11     | Reached XP level 13. HP: 110/116 MP: 12/12
 13686 | D:12     | Found a radiant altar of Vehumet.
 13739 | D:12     | Reached skill level 10 in Shields
 13747 | D:12     | Identified the +9 falchion of the Everdark {speed, rPois
                  | rCorr Int+8 Dex-5}
 14015 | D:13     | Reached skill level 1 in Long Blades
 14029 | D:13     | Noticed Snorg
 14038 | D:13     | Killed Snorg
 14129 | D:13     | Reached skill level 17 in Axes
 14575 | D:13     | Found an iron altar of Okawaru.
 15090 | D:14     | Found a sparkling altar of Nemelex Xobeh.
 15130 | D:14     | Noticed an ettin
 15176 | D:14     | Killed an ettin
 15237 | D:14     | Found a gate to the Vaults.
 15830 | D:15     | Entered Level 15 of the Dungeon
 15901 | D:15     | Noticed a fire giant
 15942 | D:15     | Killed a fire giant
 16011 | D:15     | Reached XP level 14. HP: 122/127 MP: 13/13
 16012 | D:15     | Found a staircase to the Depths.
 16056 | D:15     | Identified the +8 flail "Zaxaj" {flame, rElec Will+ Stlth+}
 16078 | D:15     | Reached skill level 5 in Long Blades
 16237 | D:15     | Reached skill level 1 in Maces & Flails
 16434 | D:15     | Noticed Vochiuc's ghost (adept DEFE)
 16443 | D:15     | Found a transporter.
 16447 | D:15     | Found a transporter.
 16481 | D:15     | Killed Vochiuc's ghost
 17217 | Orc:1    | Entered Level 1 of the Orcish Mines
 17458 | Orc:1    | Bought a pair of glowing gloves for 232 gold pieces
 17458 | Orc:1    | Bought a pair of runed gloves for 232 gold pieces
 17458 | Orc:1    | Bought a glowing buckler for 232 gold pieces
 17523 | Orc:2    | Entered Level 2 of the Orcish Mines
 17619 | Orc:2    | Found a staircase to the Elven Halls.
 17678 | Orc:2    | Found Sitoll's Book Emporium.
 17716 | Orc:2    | Noticed Erolcha
 17722 | Orc:2    | Killed Erolcha
 17886 | Orc:2    | Reached skill level 5 in Maces & Flails
 19067 | Orc:2    | Found Bikec's Assorted Antiques.
 19067 | Orc:2    | Found Asadanes's Jewellery Emporium.
 19068 | Orc:2    | Found Womufus's Antique Weapon Shoppe.
 19073 | Orc:2    | Found Xinkal's Magic Scroll Shoppe.
 19442 | Elf:1    | Entered Level 1 of the Elven Halls
 19448 | Elf:1    | Paralysed by an air elemental for 1 turns
 19540 | Elf:1    | Found a radiant altar of Vehumet.
 19762 | Elf:1    | Noticed a deep elf sorcerer
 19790 | Elf:1    | Killed a deep elf sorcerer
 20178 | Elf:1    | Reached XP level 15. HP: 78/136 MP: 14/14
 20364 | Elf:1    | Noticed Jorgrun
 20391 | Elf:1    | Killed Jorgrun
 20431 | Elf:1    | Reached skill level 18 in Axes
 22707 | Elf:2    | Paralysed by an air elemental for 1 turns
 22788 | Elf:2    | Killed from afar by a deep elf zephyrmancer

Illustrated notes

Levels and vault maps discovered:
D:1:      reono_arrival_forest_river, layout_rooms, serial_shops, shop
D:2:      layout_loops_corners, uniq_natasha
D:3:      gammafunk_steamed_eel, layout_loops_ring,
          shapermc_ecumenical_altar_mp_vishouse
D:4:      layout_loops_corners, chequers_serial_rivers_marsh, uniq_grinder,
          uniq_duvessa, uniq_eustachio
D:5:      minmay_goblin_kobold_castle, layout_loops_cross, uniq_pikel
D:6:      layout_cave_pods, nemelex_diamond_rough_becter,
          mainiacjoe_overflow_catch_the_wave, minmay_temple_entry_glassed_door,
          portal_sewer_entry_f, kennysheep_cross_bottleneck
D:7:      layout_basic, uniq_menkaure
D:8:      layout_rooms, enter_bailey_3
D:9:      minmay_shrinking_squares, layout_irregular_city, dpeg_oklobed_lair,
          nicolae_shop_i_like_big_books, st_stairs_3, amcnicky_mini_pool_small
D:10:     layout_rooms, orc_0_dummy, uniq_sonja, uniq_urug
D:11:     minmay_the_grid_square_5x5_5x5_mashed
          [minmay_the_grid_square_5x5_checkered_statues,
          minmay_the_grid_square_5x5_three_walls,
          minmay_the_grid_square_5x5_empty,
          minmay_the_grid_square_5x5_bracketed, minmay_the_grid_square_5x5_bite,
          minmay_the_grid_square_5x5_z,
          minmay_the_grid_square_5x5_prize_snowflake,
          minmay_the_grid_square_5x5_longway,
          minmay_the_grid_square_5x5_prize_monsterx,
          minmay_the_grid_square_5x5_tie, minmay_the_grid_square_5x5_hourglass,
          minmay_the_grid_square_5x5_two,
          minmay_the_grid_square_5x5_prize_itemx,
          minmay_the_grid_square_5x5_two_walls_a,
          minmay_the_grid_square_5x5_comb, minmay_the_grid_square_5x5_tri_point,
          minmay_the_grid_square_5x5_prize_gold,
          minmay_the_grid_square_5x5_mess,
          minmay_the_grid_square_5x5_prize_pseudospiral,
          minmay_the_grid_square_5x5_one_wall,
          minmay_the_grid_square_5x5_detours,
          minmay_the_grid_square_5x5_hollow_slash,
          minmay_the_grid_square_5x5_bridge, minmay_the_grid_square_5x5_minimal,
          minmay_the_grid_square_5x5_six], layout_stronghold
D:12:     layout_cave_pools, vehumet_altar_wand_db
D:13:     layout_loops_ring, okawaru_metal_pillars_1_2, uniq_snorg
D:14:     layout_basic, david_vaults_4, lemuel_crystal_altar
D:15:     grunt_enter_depths_giant_problem, layout_basic, gammafunk_ghost_hive,
          hangedman_decor_push
Orc:1:    layout_diamond_mine, portal_ice_cave_rime
Orc:2:    st_orc_mages, layout_diamond_mine, serial_shops,
          nicolae_shop_real_fake_doors, uniq_erolcha
Elf:1:    eino_elf_arrival_altar, layout_geoelf_octagon, minivault_28,
          uniq_jorgrun
Elf:2:    nicolae_elf_blades_crystal_corner, layout_loops_cross,
          roderic_roman_lattice, grunt_ministairs_3, corexii_checkpoint_a,
          uniq_zenata

Skill      XL: |  1  2  3  4  5  6  7  8  9 10 11 12 13 14 15 |
---------------+----------------------------------------------+-----
Fighting       | 4 5 6 7 9 11 12 13 14 | 14.0
Shields        | 4 5 6 8 9 10 11 12 | 12.5
Armour         | 4 6 7 8 9 10 11 12 13 | 13.4
Axes           | 3 4 5 7 9 10 12 14 15 16 17 18 | 18.5
Dodging        | 1 2 3 4 5 6 |  6.8
Stealth        | 1 2 3 4 |  4.2
Evocations     | 4 5 7 8 |  8.9
Long Blades    | 4 7 8 |  8.5
Maces & Flails | 7 8 |  8.8

Action                     |  1- 3 |  4- 6 |  7- 9 | 10-12 | 13-15 || total
---------------------------+-------+-------+-------+-------+-------++-------
  Melee: War axe           |    63 |   115 |   364 |   463 |   568 ||  1573
         Headbutt          |     7 |    13 |    55 |   112 |   183 ||   370
         Flail             |       |       |       |       |   319 ||   319
 Invoke: Call Merchant     |       |       |       |     2 |     1 ||     3
  Evoke: Wand              |       |       |       |    24 |    14 ||    38
         Phantom mirror    |       |       |       |     3 |     1 ||     4
         Box of beasts     |       |       |       |     2 |       ||     2
         Condenser vane    |       |       |       |     1 |       ||     1
         Phial of floods   |       |       |       |       |     1 ||     1
    Use: Potion            |     3 |     3 |     2 |    12 |    10 ||    30
         Scroll            |       |     6 |    17 |    12 |    13 ||    48
   Stab: Distracted        |       |       |     2 |     4 |     7 ||    13
         Invisible         |       |       |       |       |    11 ||    11
 Armour: Scale mail        |    39 |    59 |   178 |    74 |       ||   350
         Chain mail        |       |       |       |   113 |   396 ||   509
  Dodge: Dodged            |    45 |    34 |   159 |   133 |   269 ||   640
  Block: Buckler           |    29 |    26 |    86 |   178 |   302 ||   621
         Reflection        |       |       |       |    15 |    26 ||    41
         Tower shield      |       |       |       |       |    65 ||    65
